 Dungeon Crawl Stone Soup version 0.31-a0-240-gb923e448b6 (webtiles) character file.

Game seed: 3484070066718915339

1279 qw the Skirmisher (level 8, 0/70 HPs)
             Began as a Minotaur Hexslinger on July 12, 2023.
             Slain by an orc
             ... wielding a +0 hand axe of flaming
              (2 damage)
             ... on level 6 of the Dungeon.
             The game lasted 00:01:54 (4129 turns).

qw the Skirmisher (Minotaur Hexslinger)             Turns: 4129, Time: 00:01:54

Health: 0/70       AC:  5    Str: 10    XL:     8   Next: 29%
Magic:  8/8        EV: 13    Int: 10    God:
Gold:   291        SH:  0    Dex: 16    Spells: 8/9 levels left

rFire   . . .        o - +1 arbalest (heavy)
rCold   + . .        (shield currently unavailable)
rNeg    . . .        g - +0 leather armour {rC+}
rPois   .            (helmet restricted)
rElec   +            (no cloak)
rCorr   .            n - +0 pair of gloves
SInv    +            b - +0 pair of boots of Freedom {+Inv rElec Will- Str-2}
Will    .....        f - amulet of regeneration
Stlth   +            i - ring of see invisible
HPRegen 1.11/turn    (no ring)
MPRegen 0.11/turn

%: no passive effects
@: about to teleport
A: horns 2, retaliatory headbutt
a: Evoke Invisibility


You were on level 6 of the Dungeon.
You visited 1 branch of the dungeon, and saw 6 of its levels.
You also visited: Sewer.

You collected 291 gold pieces.


Innate Abilities, Weirdness & Mutations

You have a pair of horns on your head.
You reflexively headbutt those who attack you in melee.


   Skills:
 - Level 6.0 Fighting
 + Level 9.2 Ranged Weapons
 - Level 1.0 Armour
 - Level 3.6 Dodging
 - Level 1.0 Spellcasting
 - Level 2.0 Hexes


You had 8 spell levels left.
You knew the following spells:

 Your Spells              Type           Power      Damage    Failure   Level
a - Slow                  Hex            16%        N/A       21%         1

Your spell library contained the following spells:

 Spells                   Type           Power      Damage    Failure   Level
 Inner Flame              Hex/Fire       2%         N/A       67%         3
 Portal Projectile        Hex/Tloc       4%         N/A       67%         3
 Cause Fear               Hex            2%         N/A       90%         4

Inventory:

Hand Weapons
 o - a +1 heavy arbalest (weapon)
Armour
 b - the +0 pair of boots of Freedom (worn) {+Inv rElec Will- Str-2}
   (You acquired it on level 4 of the Dungeon)

   Str:       It affects your strength (-2).
   rElec:     It insulates you from electricity.
   +Inv:      It lets you turn invisible.
   Will:      It decreases your willpower.
 e - a +0 ring mail
 g - a +0 leather armour of cold resistance (worn)
 n - a +0 pair of gloves (worn)
Jewellery
 f - an amulet of regeneration (around neck)
 i - a ring of see invisible (left hand)
Scrolls
 c - a scroll of identify
 d - 3 scrolls of teleportation
Potions
 h - a potion of resistance
 j - a potion of enlightenment {unknown}
 k - a potion of cancellation {unknown}
 l - a potion of ambrosia {unknown}
 m - a potion of heal wounds {unknown}
 r - a potion of attraction {unknown}

Dungeon Overview and Level Annotations

Branches:
Dungeon (6/15)              Sewer (visited)
 Temple: D:4-7

Altars:
Ashenzari
Kikubaaqudgha
Sif Muna
Vehumet
Zin

Annotations:
D:6 Edmund


Message History

The bolt closely misses the orc warrior.
The bolt hits the orc.
The orc is almost dead.
The orc warrior barely misses you. You furiously retaliate!
You headbutt the orc warrior, but do no damage.
An orc comes into view.
It is wielding a +0 hand axe of flaming.
An orc comes into view. It is wielding a +0 club.
The orc priest calls down the wrath of Beogh upon you.
Beogh smites you!
The orc shouts!
You shoot a bolt. The bolt barely misses the orc warrior.
You hear a shout!
The orc warrior completely misses you. You furiously retaliate!
You headbutt the orc warrior. The orc hits you with a +0 short sword.
The orc warrior barely misses you. The orc hits you with a +0 short sword.
The orc warrior hits you with a +0 hand axe.
You shoot a bolt. The bolt hits the orc!!
You kill the orc!
The orc warrior barely misses you. You furiously retaliate!
You headbutt the orc warrior. The orc misses you.
The orc priest invokes the aid of Beogh against you.
Beogh smites you! The orc warrior closely misses you.
You shoot a bolt. The bolt barely misses the orc warrior.
The orc warrior closely misses you. You furiously retaliate!
You headbutt the orc warrior, but do no damage.
The orc closely misses you. You furiously retaliate!
You headbutt the orc. The orc barely misses you.
The orc warrior hits you with a +0 hand axe!
You shoot a bolt. The bolt hits the orc.
You kill the orc!
The orc warrior hits you with a +0 hand axe!
The orc hits you with a +0 hand axe of flaming.
The orc burns you.
The orc warrior hits you with a +0 hand axe!
4129 ||| READING 4 scrolls of teleportation.
As you read the scroll of teleportation, it crumbles to dust.
You feel strangely unstable.
The orc warrior hits you with a +0 hand axe.
The orc hits you with a +0 hand axe of flaming.
You die...

... .# ... ####.
... #.... #'# ...
#o# ... #@# #####
#.# ##o##
##...###.#
##o@.###.....##<#
#.....#.........#
##...#.........##
##.##.........#
..............#
#######.......##
##.....## ##...##
#####


You could see Edmund, an orc warrior, an orc priest and an orc.

Vanquished Creatures
  Sigmund (D:2)
  Menkaure (D:5)
  An orc warrior (D:5)
  A sky beast (D:4)
  2 bullfrogs (Sewer)
  2 scorpions
  6 hounds
  A gnoll bouda (D:5)
  Terence (D:2)
  3 iguanas (D:5)
  7 gnolls
  4 adders
  A river rat (D:4)
  3 worms
  3 dart slugs
  16 orcs
  13 ball pythons
  13 endoplasms
  16 giant cockroaches
  8 goblins
  6 hobgoblins
  5 jackals (D:1)
  5 quokkas
  2 bats
  5 frilled lizards
  7 kobolds
  6 rats
139 creatures vanquished.

Notes
Turn   | Place    | Note
-------+----------+-------------------------------------------
     0 | D:1      | qw the Minotaur Hexslinger began the quest for the Orb.
     0 | D:1      | Reached XP level 1. HP: 16/16 MP: 1/1
     0 | D:1      | 0 ||| qw: Version: 0.3-a-52-g30416fa
     0 | D:1      | 0 ||| qw: Game counter: 6157
     0 | D:1      | 0 ||| qw: Melee chars always use a shield: true
     0 | D:1      | 0 ||| qw: God list: Okawaru
     0 | D:1      | 0 ||| qw: Allow faded altars: false
     0 | D:1      | 0 ||| qw: Do Orc after clearing Dungeon:15 true
     0 | D:1      | 0 ||| qw: Do second Lair branch before Depths: true
     0 | D:1      | 0 ||| qw: Lair rune preference: random
     0 | D:1      | 0 ||| qw: Goals: Normal
     0 | D:1      | 0 ||| PLANNING D:1-11
   212 | D:1      | Reached skill level 3 in Ranged Weapons
   212 | D:1      | Reached XP level 2. HP: 18/23 MP: 2/2
   745 | D:1      | 745 ||| UPGRADING to amulet of regeneration.
   750 | D:1      | 750 ||| READING scroll labelled NOPAITR LI WIM.
   751 | D:1      | 751 ||| READING scroll labelled XACESTEMAUFF.
   752 | D:1      | 752 ||| READING scroll labelled HOGEMO REFFUET.
   753 | D:1      | 753 ||| READING scroll labelled XACKEU UTEIMO.
   754 | D:1      | 754 ||| READING scroll labelled VOOSURIUTS.
   755 | D:1      | 755 ||| DRINKING 2 glowing ruby potions.
   756 | D:1      | 756 ||| DROPPING scroll of poison.
   786 | D:2      | Reached XP level 3. HP: 29/29 MP: 3/3
   869 | D:2      | Noticed Sigmund
   871 | D:2      | 871 ||| DRINKING potion of curing.
   871 | D:2      | 871 ||| (to cure confusion)
   885 | D:2      | 885 ||| READING scroll labelled MULED KEVVAHELL.
  1150 | D:2      | Reached skill level 4 in Ranged Weapons
  1248 | D:2      | Killed Sigmund
  1249 | D:2      | Reached skill level 6 in Ranged Weapons
  1249 | D:2      | Reached XP level 4. HP: 36/36 MP: 4/4
  1249 | D:2      | Reached XP level 5. HP: 41/41 MP: 5/5
  1503 | D:2      | Noticed Terence
  1510 | D:2      | Killed Terence
  1523 | D:2      | 1523 ||| UPGRADING to +0 ring mail.
  1533 | D:2      | 1533 ||| DROPPING +0 robe.
  1724 | D:3      | Reached skill level 1 in Armour
  1724 | D:3      | Reached XP level 6. HP: 34/50 MP: 6/6
  1822 | D:3      | Found a radiant altar of Vehumet.
  1823 | D:3      | Found an ancient bone altar of Kikubaaqudgha.
  1823 | D:3      | Found a shimmering blue altar of Sif Muna.
  2089 | D:3      | Found a broken altar of Ashenzari.
  2259 | D:3      | Reached skill level 3 in Fighting
  2337 | D:3      | 2337 ||| UPGRADING to +0 leather armour of cold resistance.
  2347 | D:3      | 2347 ||| UPGRADING to +0 pair of gloves.
  2352 | D:3      | 2352 ||| READING scroll labelled ODUWKU ICVEPAUL.
  2353 | D:3      | 2353 ||| DRINKING 2 bubbling white potions.
  2458 | D:3      | 2458 ||| DROPPING potion of berserk rage.
  2489 | D:4      | 2489 ||| PLANNING SEWER
  2507 | D:4      | Found a glowing drain.
  2518 | Sewer    | Entered a sewer
  2548 | Sewer    | 2548 ||| Stepping ~*~*~tactically~*~*~ (water).
  2563 | Sewer    | 2563 ||| Stepping ~*~*~tactically~*~*~ (water).
  2597 | Sewer    | 2597 ||| Stepping ~*~*~tactically~*~*~ (water).
  2605 | Sewer    | 2605 ||| Stepping ~*~*~tactically~*~*~ (water).
  2662 | Sewer    | 2662 ||| Stepping ~*~*~tactically~*~*~ (water).
  2665 | Sewer    | 2665 ||| Stepping ~*~*~tactically~*~*~ (water).
  2695 | Sewer    | 2695 ||| Stepping ~*~*~tactically~*~*~ (water).
  2729 | Sewer    | 2729 ||| Stepping ~*~*~tactically~*~*~ (water).
  2752 | Sewer    | Reached skill level 7 in Ranged Weapons
  2760 | Sewer    | 2760 ||| READING scroll labelled GOECHO KOAF.
  2775 | D:4      | 2775 ||| PLANNING D:1-11
  2783 | D:4      | Reached XP level 7. HP: 59/59 MP: 7/7
  2901 | D:4      | 2901 ||| READING scroll of brand weapon.
  2901 | D:4      | 2901 ||| BRANDING +1 sling of draining.
  2907 | D:4      | 2907 ||| SWAPPING to +0 orcbow.
  2915 | D:4      | 2915 ||| DROPPING +1 sling of electrocution.
  3235 | D:4      | HP: 12/59 [something (6)]
  3238 | D:4      | Reached skill level 8 in Ranged Weapons
  3435 | D:4      | 3435 ||| READING 2 scrolls labelled ZOBRISHR IBULOXIEPN.
  3435 | D:4      | Identified 2 scrolls of acquirement
  3435 | D:4      | 3435 ||| ACQUIRING +1 heavy arbalest
  3435 | D:4      | Acquired a +1 heavy arbalest
  3437 | D:4      | 3437 ||| SWAPPING to +1 heavy arbalest.
  3438 | D:4      | 3438 ||| DROPPING +0 orcbow.
  3439 | D:4      | 3439 ||| READING scroll of acquirement.
  3439 | D:4      | 3439 ||| ACQUIRING +0 pair of boots of Freedom {+Inv rElec
                  | Will- Str-2}
  3439 | D:4      | Acquired the +0 pair of boots of Freedom {+Inv rElec Will-
                  | Str-2}
  3441 | D:4      | 3441 ||| UPGRADING to +0 pair of boots of Freedom {+Inv
                  | rElec Will- Str-2}.
  3446 | D:4      | 3446 ||| DRINKING 2 ruby potions.
  3479 | D:4      | 3479 ||| DROPPING potion of lignification.
  3491 | D:5      | Entered Level 5 of the Dungeon
  3495 | D:5      | 3495 ||| STAIRDANCE
  3604 | D:5      | Reached skill level 3 in Dodging
  3678 | D:5      | Reached XP level 8. HP: 68/68 MP: 8/8
  3759 | D:5      | Reached skill level 9 in Ranged Weapons
  3798 | D:5      | Found a glowing silver altar of Zin.
  3875 | D:5      | Noticed Menkaure
  3877 | D:5      | Killed Menkaure
  3878 | D:5      | Reached skill level 6 in Fighting
  3913 | D:5      | 3913 ||| Stepping ~*~*~tactically~*~*~ (outnumbered).
  4063 | D:5      | 4063 ||| UPGRADING to ring of see invisible.
  4064 | D:5      | 4064 ||| READING scroll labelled DEIFYM XUHIC.
  4065 | D:5      | 4065 ||| READING scroll labelled WAMEOCZOENU.
  4066 | D:5      | 4066 ||| READING 3 scrolls of identify.
  4066 | D:5      | 4066 ||| IDENTIFYING cyan potion
  4067 | D:5      | 4067 ||| READING 2 scrolls of identify.
  4067 | D:5      | 4067 ||| IDENTIFYING fizzy ruby potion
  4068 | D:5      | 4068 ||| DROPPING potion of magic.
  4123 | D:6      | Noticed Edmund
  4128 | D:6      | HP: 7/70 [orc warrior/+0 hand axe (11)]
  4129 | D:6      | 4129 ||| READING 4 scrolls of teleportation.
  4129 | D:6      | HP: 2/70 [orc warrior/+0 hand axe (6)]
  4129 | D:6      | Slain by an orc

Levels and vault maps discovered:
D:1:      lightli_arrival_maybe_door_vault, layout_basic, supply_closet_lemuel,
          minmay_misc_feat_columns
D:2:      layout_basic, uniq_sigmund, uniq_terence
D:3:      layout_loops_ring, grunt_temple_overflow_magic_moments,
          lemuel_coloured_pillars_altar, dk_noncrumbling_3
D:4:      layout_gridville, cheibrodos_sewer_entry_sluice
D:5:      layout_loops_cross, mainiacjoe_overflow_six_doors_small, uniq_menkaure
D:6:      layout_loops_corners, palyth_stone_intersect, uniq_edmund

Skill      XL: |  1  2  3  4  5  6  7  8 |
---------------+-------------------------+-----
Ranged Weapons | 3 6 7 8 9 |  9.2
Fighting       | 2 4 5 6 |  6.0
Armour         | 1 |  1.0
Dodging        | 3 |  3.6
Spellcasting   | |  1.0
Hexes          | |  2.0

Action                     |  1- 3 |  4- 6 |  7- 9 || total
---------------------------+-------+-------+-------++-------
   Fire: Sling             |   111 |   166 |     6 ||   283
         Orcbow            |       |       |    33 ||    33
         Arbalest          |       |       |    58 ||    58
    Use: Scroll            |     6 |     2 |     8 ||    16
         Potion            |     2 |     1 |     1 ||     4
 Armour: Robe              |     3 |     2 |       ||     5
         Leather armour    |       |    13 |    14 ||    27
         Ring mail         |       |     1 |       ||     1
  Dodge: Dodged            |    25 |    31 |    44 ||   100

Table legend:
 A = Non-vault XP
 B = Vault XP
 C = Vault XP percentage of total XP
 D = Non-vault monster count
 E = Vault monster count
 F = Vault count percentage of total count
                 A         B        C        D         E       F
            +---------+---------+-------+---------+---------+-------
      Total |    1123 |     705 |  38.6 |     100 |      39 |  28.1
            +---------+---------+-------+---------+---------+-------
        D:1 |      40 |       0 |   0.0 |      23 |       0 |   0.0
        D:2 |      55 |     259 |  82.5 |      19 |       2 |   9.5
        D:3 |      47 |       0 |   0.0 |      18 |       0 |   0.0
        D:4 |     324 |      18 |   5.3 |      12 |       2 |  14.3
        D:5 |     651 |     169 |  20.6 |      26 |       1 |   3.7
        D:6 |       6 |       0 |   0.0 |       2 |       0 |   0.0
      Sewer |       0 |     259 | 100.0 |       0 |      34 | 100.0
            +---------+---------+-------+---------+---------+-------
